[Event "Netanya International GM 2019"]
[Site "Netanya"]
[Date "2019.06.23"]
[Round "1.5"]
[White "Nabaty, Tamir"]
[Black "Smirin, Ilia"]
[Result "1/2-1/2"]
[ECO "B07"]
[WhiteElo "2678"]
[BlackElo "2594"]
[Annotator "ChessBase"]
[PlyCount "152"]
[EventDate "2019.06.23"]
[EventType "tourn"]
[EventCountry "ISR"]
[SourceTitle "playchess.com"]
[Source "ChessBase"]
[SourceQuality "1"]
[TimeControl "40/5400+30:1800+30"]

1. d4 Nf6 2. Nf3 g6 3. Nbd2 Bg7 4. e4 d6 5. Bb5+ c6 6. Bd3 O-O 7. O-O c5 8. dxc5 dxc5 9. a4 Nc6 10. Re1 Ng4 11. Nc4 Nb4 12. h3 Nxd3 13. cxd3 Nf6 14. Be3 b6 15. a5 Ba6 16. Nce5 Nd7 17. Nc6 Qe8 18. Bg5 f6 19. axb6 axb6 20. Qb3+ c4 21. Qb4 e6 22. Be3 cxd3 23. Bxb6 Rf7 24. Be3 Bf8 25. Qc3 Bb7 26. Rxa8 Qxa8 27. Rc1 Bc5 28. Bxc5 Bxc6 29. Be3 Bxe4 30. Ne1 Ne5 31. f3 Bd5 32. Bd4 Qb8 33. Bxe5 Qxe5 34. Qxe5 fxe5 35. Nxd3 e4 36. fxe4 Bxe4 37. Nc5 Bd5 38. b4 Rf4 39. Rb1 Rd4 40. Rb2 Kf7 41. b5 Rc4 42. Nd3 Rd4 43. Ne5+ Kf6 44. Ng4+ Ke7 45. b6 Bb7 46. Rc2 Kd6 47. Rc7 Bc6 48. Rxh7 Rd1+ 49. Kh2 Rd2 50. Ne3 Re2 51. b7 Bxb7 52. Rxb7 Rxe3 53. Rg7 e5 54. Rxg6+ Kd5 55. h4 Re4 56. g4 Re2+ 57. Kg3 Re3+ 58. Kg2 Re2+ 59. Kf3 Rh2 60. h5 e4+ 61. Kg3 e3 62. Rg8 Rh1 63. Kf3 Rh3+ 64. Kf4 Kd4 65. Re8 Kd3 66. h6 e2 67. g5 Kd2 68. Kf5 Re3 69. Rxe3 Kxe3 70. h7 e1=Q 71. h8=Q Qb1+ 72. Ke6 Qb6+ 73. Kf7 Qb7+ 74. Kg6 Qe4+ 75. Kf7 Qd5+ 76. Kg6 Qe4+ 1/2-1/2

[Event "Netanya International GM 2019"]
[Site "Netanya"]
[Date "2019.06.26"]
[Round "4.2"]
[White "McShane, Luke J"]
[Black "Smirin, Ilia"]
[Result "1/2-1/2"]
[ECO "B40"]
[WhiteElo "2688"]
[BlackElo "2594"]
[Annotator "RC"]
[PlyCount "95"]
[EventDate "2019.06.23"]
[EventType "tourn"]
[EventCountry "ISR"]
[SourceTitle "playchess.com"]
[Source "ChessBase"]
[SourceQuality "1"]
[TimeControl "40/5400+30:1800+30"]

1. e4 c5 2. Nf3 e6 3. g3 d5 4. exd5 exd5 5. d4 Nc6 6. Bg2 Nf6 7. O-O Be7 8. dxc5 Bxc5 9. a3 O-O 10. Nc3 Re8 11. b4 d4 12. Na4 Bf8 13. c4 dxc3 14. Nxc3 Bg4 15. Be3 Qc8 16. Qb3 Be6 17. Qb2 Bh3 18. Rfd1 Bxg2 19. Kxg2 Qf5 20. h3 Rac8 21. Qb3 Rxe3 22. fxe3 Ne5 23. Nxe5 Qxe5 24. Rac1 Qxe3 25. Qb2 Nh5 26. Ne2 Re8 27. Rd2 Qe4+ 28. Kh2 g6 29. Rf1 Bh6 30. Rc2 Qd3 31. Qa2 Rxe2+ 32. Rxe2 Qxg3+ 33. Kh1 Qxh3+ 34. Kg1 Qg3+ 35. Kh1 Qh3+ 36. Kg1 Be3+ 37. Rxe3 Qxe3+ 38. Qf2 Qg5+ 39. Kh2 Qe7 40. Qxa7 Qe5+ 41. Kg1 Nf4 42. Rxf4 Qxf4 43. Qxb7 h5 44. b5 h4 45. b6 Qe3+ 46. Kh2 Qf2+ 47. Kh1 Qf1+ 48. Kh2 1/2-1/2

[Event "Netanya International GM 2019"]
[Site "Netanya"]
[Date "2019.06.27"]
[Round "5.1"]
[White "Rodshtein, Maxim"]
[Black "Dubov, Daniil"]
[Result "0-1"]
[ECO "D33"]
[WhiteElo "2685"]
[BlackElo "2700"]
[Annotator "RC"]
[PlyCount "84"]
[EventDate "2019.06.23"]
[EventType "tourn"]
[EventCountry "ISR"]
[SourceTitle "playchess.com"]
[Source "ChessBase"]
[SourceQuality "1"]
[TimeControl "40/5400+30:1800+30"]

1. c4 Nf6 2. Nc3 c5 3. g3 e6 4. Nf3 d5 5. cxd5 exd5 6. d4 Nc6 7. Bg2 cxd4 8. Nxd4 Bc5 9. Nxc6 bxc6 10. Qc2 O-O 11. O-O Bb6 12. Na4 Bd7 13. b3 Re8 14. Bb2 h5 15. e3 h4 16. Nxb6 axb6 17. Qc3 Rc8 18. Rad1 hxg3 19. fxg3 Re6 20. e4 Qf8 21. Rf4 Rce8 22. exd5 Nxd5 23. Bxd5 cxd5 24. Rdf1 f6 25. Qd3 Qf7 26. Bd4 b5 27. g4 Re4 28. h3 Qe6 29. R4f2 b4 30. Rd1 Qd6 31. Kg2 Bc8 32. Qg3 Qe6 33. Kh2 Re2 34. Rg1 Qe4 35. Rxe2 Qxe2+ 36. Qg2 Qd3 37. Qxd5+ Be6 38. Qc6 Bf7 39. Bf2 Re2 40. Qc5 Rc2 41. Qb6 Qf3 42. Rf1 Kh7 0-1

[Event "Netanya International GM 2019"]
[Site "Netanya"]
[Date "2019.06.27"]
[Round "5.5"]
[White "Postny, Evgeny"]
[Black "McShane, Luke J"]
[Result "1-0"]
[ECO "A90"]
[WhiteElo "2601"]
[BlackElo "2688"]
[Annotator "RC"]
[PlyCount "175"]
[EventDate "2019.06.23"]
[EventType "tourn"]
[EventCountry "ISR"]
[SourceTitle "playchess.com"]
[Source "ChessBase"]
[SourceQuality "1"]
[TimeControl "40/5400+30:1800+30"]

1. d4 e6 2. c4 Bb4+ 3. Bd2 Bxd2+ 4. Qxd2 f5 5. Nf3 Nf6 6. g3 O-O 7. Bg2 d6 8. Nc3 Qe7 9. O-O c6 10. Rad1 Nbd7 11. Qc2 d5 12. cxd5 cxd5 13. Rc1 Ne4 14. Qb3 a6 15. e3 Rb8 16. Ne2 Ndf6 17. Qb6 Bd7 18. Nf4 g5 19. Nd3 Bb5 20. Nfe5 Qd6 21. Qc7 Bc4 22. Qa5 b6 23. Qe1 Bxd3 24. Nxd3 g4 25. Ne5 Rfc8 26. Qe2 b5 27. Rc2 Rc7 28. Rfc1 Rbc8 29. a4 bxa4 30. Rxc7 Rxc7 31. Rxc7 Qxc7 32. Qxa6 Ng5 33. Nc6 Nd7 34. Qa8+ Kg7 35. Qxa4 Kf6 36. Qb5 Nf7 37. Bf1 Nd6 38. Qa4 Nb6 39. Qc2 Ne4 40. Bd3 Ng5 41. Qc5 Nf7 42. b3 Qb7 43. Na5 Qb8 44. Bb5 Nc8 45. Be8 Nfd6 46. Bc6 Na7 47. Bd7 Ne4 48. Qa3 Kf7 49. Nc6 Nxc6 50. Bxc6 h5 51. b4 h4 52. b5 hxg3 53. hxg3 Nd2 54. Qa8 Qxa8 55. Bxa8 Ke7 56. Bc6 Kd6 57. Be8 Nc4 58. Bf7 Ke7 59. Bg8 Nb6 60. Kf1 Nd7 61. Ke2 Kd6 62. Bf7 Ke7 63. Bg6 Nb6 64. Kd3 Nc4 65. Kc3 Kd7 66. Kb4 Nd6 67. Ka5 Kc7 68. Ka6 Kb8 69. Kb6 Ne4 70. Bf7 Nxf2 71. Bxe6 Nd1 72. Bxf5 Nxe3 73. Bd3 Nd1 74. Kc5 Nc3 75. Bf5 Kc7 76. Bxg4 Ne4+ 77. Kxd5 Nf6+ 78. Ke6 Nxg4 79. d5 Nf2 80. d6+ Kd8 81. b6 Nd3 82. g4 Nc5+ 83. Kd5 Nb7 84. g5 Kd7 85. g6 Nxd6 86. b7 Kc7 87. b8=B+ Kxb8 88. Kxd6 1-0